Map: Luxuriance EC (Void)

Players

diamadoshi

  • Race: Terran Terran
  • League: Diamond
  • Spawn Location: 7:00

IA (élite) - Winner!

  • Race: Protoss Protoss
  • Spawn Location: 1:00

VOD

Have the link to the VOD?

Description

Time

  • Played on: Jan. 18, 2017, 6:25 p.m.
  • Length: 6:06
Show
View Real Time Build Order
Export as new Build Order

diamadoshi Terran 

Build Orders:  

Get SALT Encoding   

  12  0:01  SCV  
  13  0:13  SCV  
  14  0:17  Supply Depot  
  14  0:25  SCV  
  15  0:39  SCV  
  15  0:40  Barracks  
  16  0:51  SCV  
  17  1:03  SCV  
  18  1:16  Refinery  
  18  1:26  Orbital Command  
  18  1:32  Command Center  
  18  1:36  Marine  
  19  1:46  Barracks  
  19  1:52  SCV  
  20  2:06  Barracks Reactor  
  20  2:12  SCV, Supply Depot  
  21  2:24  SCV  
  22  2:33  Barracks  
  22  2:35  Barracks Tech Lab  
  22  2:36  SCV  
  23  2:38  Bunker  
  23  2:43  Orbital Command  
  23  2:46  Marine  
  23  2:47  Marine  
  23  2:49  SCV  
  26  2:54  Stimpack  
  26  3:01  SCV  
  27  3:10  SCV  
  28  3:13  SCV  
  28  3:16  Engineering Bay  
  28  3:17  Refinery  
  28  3:18  Marine  
  28  3:19  Marine  
  30  3:21  Barracks Reactor  
  30  3:23  SCV  
  32  3:29  SCV  
  33  3:35  SCV  
  33  3:41  SCV  
  35  3:42  Marine x2  
  35  3:47  Missile Turret  
  37  3:49  Missile Turret  
  37  3:56  SCV x2, Factory  
  37  4:01  Supply Depot x2  
  39  4:08  SCV x2  
  41  4:10  Terran Infantry Weapons Level 1  
  41  4:20  SCV  
  42  4:25  SCV, Supply Depot  
  43  4:32  SCV  
  43  4:37  SCV, Marine x5  
  50  4:41  Factory Reactor  
  50  4:42  Starport  
  50  4:47  SCV  
  50  4:49  SCV  
  52  4:53  Supply Depot  
  52  4:59  SCV  
  53  5:02  Marine x3  
  53  5:03  Marine x2  
  53  5:05  SCV  
  59  5:11  SCV  
  60  5:17  SCV  
  61  5:23  Marine x3  
  61  5:24  Marine x2  
  61  5:25  SCV  
  67  5:29  SCV  
  67  5:31  Supply Depot  
  67  5:32  Supply Depot  
  67  5:34  Medivac x2  
  72  5:37  SCV  
  72  5:41  SCV, Marine x2  
  76  5:43  Marine x2  
  78  5:53  SCV x2  
  78  5:56  Supply Depot  
Show
View Real Time Build Order
Export as new Build Order

IA (élite) Protoss - Winner!

Build Orders:  

Get SALT Encoding   

  12  0:01  Probe (Chrono Boost)  
  13  0:11  Probe (Chrono Boost)  
  14  0:20  Pylon  
  14  0:22  Probe (Chrono Boost)  
  15  0:39  Probe (Chrono Boost)  
  16  0:47  Assimilator  
  16  0:49  Probe (Chrono Boost)  
  17  0:50  Gateway  
  17  0:59  Pylon  
  17  1:00  Probe (Chrono Boost)  
  18  1:10  Probe (Chrono Boost)  
  19  1:21  Probe (Chrono Boost)  
  20  1:32  Probe (Chrono Boost)  
  21  1:35  Zealot  
  21  1:39  Cybernetics Core  
  23  1:43  Probe (Chrono Boost)  
  25  1:55  Probe (Chrono Boost)  
  25  2:01  Nexus  
  25  2:05  Probe (Chrono Boost)  
  26  2:11  Warp Gate  
  26  2:16  Stalker  
  26  2:17  Probe (Chrono Boost)  
  29  2:28  Probe (Chrono Boost)  
  29  2:29  Pylon  
  30  2:40  Probe (Chrono Boost)  
  30  2:41  Gateway  
  31  2:44  Assimilator  
  31  2:50  Adept  
  34  2:52  Probe (Chrono Boost)  
  34  2:59  Pylon  
  34  3:03  Probe (Chrono Boost)  
  35  3:14  Probe x2 (Chrono Boost)  
  35  3:15  Adept  
  39  3:25  Probe (Chrono Boost)  
  40  3:29  Robotics Facility  
  40  3:30  Adept  
  43  3:34  Probe (Chrono Boost)  
  43  3:37  Probe (Chrono Boost)  
  44  3:41  Adept  
  44  3:45  Probe (Chrono Boost)  
  48  3:49  Probe (Chrono Boost)  
  48  3:56  Adept  
  48  3:57  Probe (Chrono Boost)  
  48  4:00  Probe (Chrono Boost)  
  52  4:06  Adept  
  52  4:08  Probe (Chrono Boost)  
  55  4:11  Probe (Chrono Boost)  
  56  4:18  Pylon  
  56  4:19  Observer  
  56  4:20  Probe (Chrono Boost)  
  56  4:21  Robotics Bay  
  56  4:23  Probe (Chrono Boost)  
  59  4:30  Probe (Chrono Boost)  
  60  4:33  Robotics Facility  
  60  4:38  Pylon, Stalker  
  62  4:46  Pylon  
  62  4:47  Probe (Chrono Boost)  
  62  4:49  Stalker, Probe (Chrono Boost)  
  66  5:08  Gateway  
  66  5:16  Pylon  
  66  5:17  Zealot  
  66  5:20  Zealot  
  76  5:30  Pylon  
  76  5:35  Zealot  
  78  5:38  Zealot  
  80  5:45  Probe (Chrono Boost), Assimilator  
  80  5:46  Probe (Chrono Boost)  
  80  5:48  Twilight Council  
  82  5:51  Forge  
  82  5:52  Assimilator  
  82  5:54  Stalker  
  84  5:57  Nexus  
Tags
 
Add a new tag
Caveats
  • Supply blocks, unpowered buildings, or Contaminate may cause inaccurate times.
  • Supply counts are checked every 10 seconds.